General information
- name: BNet
- type: Ladder team game (AT/RT)
- host: Battle.net
- saver: NoiseHawker
map: MarketSquare
- players: 8
- length: 52:22
- speed: Fast
- version: 1.26 W3XP
- replay type: Public
» download(312 KB)
Players
team 1 (winner)
Perfection (
orange | 47 APM | 2455 actions | 52:22)
6 Death Knight
3 Death Coil
2 Unholy Aura
1 Animate Dead
5 Lich
3 Frost Nova
2 Frost Armor
» actions
| Assign group hotkey | 397 | |
| Basic commands | 31 | |
| Build / train | 81 | |
| Enter build submenu | 19 | |
| Enter hero's abilities submenu | 12 | |
| Give item / drop item | 5 | |
| Right click | 830 | |
| Select / deselect | 285 | |
| Select group hotkey | 684 | |
| Use ability | 111 | |
2455 total
» units
| Acolyte | 4 | |
| Ghoul | 2 | |
| Crypt Fiend | 13 | |
| Obsidian Statue | 7 | |
| Frost Wyrm | 4 | |
| Mortar Team | 6 | |
| Gargoyle | 8 | |
44 total
» upgrades
| Creature Attack | 3 | |
| Destroyer Form | 1 | |
| Creature Carapace | 1 | |
5 total
» buildings
| Graveyard | 1 | |
| Crypt | 2 | |
| Altar of Darkness | 1 | |
| Ziggurat | 8 | |
| Tomb of Relics | 1 | |
| Halls of the Dead | 1 | |
| Black Citadel | 1 | |
| Slaughterhouse | 1 | |
| Sacrificial Pit | 1 | |
| Boneyard | 1 | |
| Town Hall | 1 | |
| Necropolis | 1 | |
20 total
» build order
00:05 Graveyard
00:09 Crypt
00:36 Altar of Darkness
00:51 Ziggurat
01:32 Tomb of Relics
02:09 Ziggurat
03:52 Ziggurat
04:26 Halls of the Dead
05:11 Ziggurat
05:16 Ziggurat
07:57 Black Citadel
08:20 Slaughterhouse
08:36 Ziggurat
09:45 Sacrificial Pit
11:10 Boneyard
12:57 Ziggurat
14:36 Town Hall
17:26 Crypt
17:36 Ziggurat
24:47 Necropolis
» items
| Rod of Necromancy | 5 | |
| Potion of Mana | 1 | |
| Potion of Healing | 1 | |
| Scroll of Town Portal | 3 | |
| Scroll of Healing | 2 | |
| Orb of Corruption | 1 | |
| Scroll of Regeneration | 1 | |
| Potion of Lesser Invulnerability | 1 | |
15 total
NewBss (
pink | 35 APM | 435 actions | 12:32)
4 Archmage
2 Blizzard
2 Brilliance Aura
» actions
| Basic commands | 10 | |
| Build / train | 42 | |
| Enter build submenu | 17 | |
| Enter hero's abilities submenu | 4 | |
| Remove unit from queue | 2 | |
| Right click | 140 | |
| Select / deselect | 164 | |
| Use ability | 56 | |
435 total
» units
» upgrades
| Gunpowder | 3 | |
| Armor | 1 | |
| Flare | 1 | |
| Fragmentation Shards | 1 | |
6 total
» buildings
| Altar of Kings | 1 | |
| Farm | 8 | |
| Lumber Mill | 1 | |
| Scout Tower | 1 | |
| Arcane Tower | 1 | |
| Keep | 1 | |
| Blacksmith | 1 | |
| Castle | 1 | |
| Workshop | 3 | |
18 total
» build order
00:22 Altar of Kings
00:44 Farm
00:54 Lumber Mill
01:20 Farm
01:29 Scout Tower
02:06 Arcane Tower
03:11 Keep
03:27 Blacksmith
03:42 Farm
04:45 Farm
04:50 Farm
05:26 Farm
05:42 Castle
05:51 Workshop
05:53 Workshop
05:58 Workshop
06:10 Farm
06:58 Farm
» items
| Periapt of Vitality | 1 | |
| Circlet of Nobility | 1 | |
2 total
BOOBGUZZLER (
red | 49 APM | 2566 actions | 52:22)
8 Blademaster
3 Wind Walk
3 Critical Strike
1 Bladestorm
1 Mirror Image
» actions
| Assign group hotkey | 37 | |
| Basic commands | 91 | |
| Build / train | 59 | |
| Enter build submenu | 27 | |
| Enter hero's abilities submenu | 8 | |
| Give item / drop item | 5 | |
| Right click | 1120 | |
| Select / deselect | 244 | |
| Select group hotkey | 843 | |
| Use ability | 132 | |
2566 total
» units
» upgrades
| Reinforced Defenses | 1 | |
| Envenomed Spears | 1 | |
| Ranged Weapons | 2 | |
| Armor | 2 | |
6 total
» buildings
| Altar of Storms | 1 | |
| Orc Burrow | 7 | |
| War Mill | 1 | |
| Watch Tower | 24 | |
| Voodoo Lounge | 2 | |
| Stronghold | 1 | |
| Fortress | 2 | |
| Beastiary | 3 | |
| Great Hall | 1 | |
42 total
» build order
00:06 Altar of Storms
00:19 Orc Burrow
00:40 War Mill
01:55 Watch Tower
01:58 Watch Tower
02:21 Voodoo Lounge
02:33 Watch Tower
03:15 Stronghold
03:37 Watch Tower
03:53 Watch Tower
04:09 Watch Tower
04:16 Orc Burrow
04:30 Orc Burrow
05:36 Fortress
05:37 Fortress
05:46 Beastiary
06:13 Beastiary
06:43 Orc Burrow
09:15 Watch Tower
09:15 Watch Tower
09:16 Watch Tower
09:16 Watch Tower
11:26 Watch Tower
11:26 Watch Tower
11:27 Watch Tower
13:45 Great Hall
13:56 Watch Tower
13:56 Watch Tower
13:57 Watch Tower
14:04 Watch Tower
14:11 Watch Tower
16:03 Watch Tower
16:03 Watch Tower
16:04 Watch Tower
16:55 Orc Burrow
16:56 Orc Burrow
16:57 Orc Burrow
17:10 Voodoo Lounge
19:40 Beastiary
25:59 Watch Tower
25:59 Watch Tower
» items
| Lesser Clarity Potion | 2 | |
| Healing Salve | 4 | |
| Staff of Teleportation | 1 | |
| Boots of Speed | 1 | |
| Scroll of Town Portal | 3 | |
| Scroll of Healing | 4 | |
| Potion of Lesser Invulnerability | 1 | |
| Potion of Healing | 1 | |
| Orb of Lightning | 1 | |
18 total
THEITHEITHEITHE (
teal | 84 APM | 4421 actions | 52:22)
6 Blood Mage
3 Flame Strike
2 Banish
1 Summon Phoenix
» actions
| Assign group hotkey | 82 | |
| Basic commands | 159 | |
| Build / train | 187 | |
| ESC pressed | 12 | |
| Enter build submenu | 64 | |
| Enter hero's abilities submenu | 6 | |
| Give item / drop item | 8 | |
| Remove unit from queue | 9 | |
| Right click | 2088 | |
| Select / deselect | 507 | |
| Select group hotkey | 1023 | |
| Use ability | 276 | |
4421 total
» units
| Peasant | 17 | |
| Footman | 10 | |
| Dragonhawk Rider | 3 | |
| Gryphon Rider | 7 | |
37 total
» upgrades
| Masonry | 3 | |
| Swords | 3 | |
| Armor | 3 | |
| Lumber Harvesting | 1 | |
| Defend | 1 | |
| Cloud | 1 | |
| Animal War Training | 1 | |
| Storm Hammers | 1 | |
14 total
» buildings
| Altar of Kings | 1 | |
| Barracks | 1 | |
| Farm | 15 | |
| Lumber Mill | 1 | |
| Arcane Vault | 1 | |
| Scout Tower | 37 | |
| Arcane Tower | 4 | |
| Guard Tower | 58 | |
| Keep | 6 | |
| Blacksmith | 1 | |
| Town Hall | 3 | |
| Gryphon Aviary | 4 | |
| Castle | 3 | |
135 total
» build order
00:55 Altar of Kings
00:58 Barracks
01:02 Farm
01:08 Farm
01:23 Farm
01:45 Farm
02:12 Lumber Mill
02:18 Arcane Vault
02:42 Scout Tower
03:00 Scout Tower
03:14 Arcane Tower
03:15 Arcane Tower
03:15 Arcane Tower
03:26 Guard Tower
03:26 Guard Tower
03:26 Guard Tower
04:39 Scout Tower
04:39 Scout Tower
04:40 Scout Tower
04:42 Scout Tower
05:05 Guard Tower
05:06 Guard Tower
05:06 Guard Tower
05:06 Guard Tower
05:07 Guard Tower
05:08 Guard Tower
05:08 Guard Tower
05:19 Scout Tower
05:23 Scout Tower
05:48 Guard Tower
05:48 Guard Tower
05:49 Guard Tower
05:49 Guard Tower
06:22 Keep
06:22 Keep
06:32 Guard Tower
06:33 Guard Tower
06:33 Guard Tower
06:33 Guard Tower
06:47 Blacksmith
08:16 Town Hall
08:17 Scout Tower
08:18 Scout Tower
08:19 Scout Tower
08:21 Scout Tower
08:25 Scout Tower
08:47 Gryphon Aviary
08:48 Gryphon Aviary
08:55 Guard Tower
08:55 Guard Tower
09:03 Guard Tower
10:08 Castle
13:04 Town Hall
13:13 Scout Tower
13:14 Scout Tower
13:15 Scout Tower
13:18 Keep
13:18 Keep
13:19 Guard Tower
13:20 Guard Tower
13:20 Guard Tower
16:22 Guard Tower
16:23 Guard Tower
16:35 Guard Tower
16:35 Guard Tower
16:36 Guard Tower
16:39 Keep
16:41 Gryphon Aviary
16:42 Gryphon Aviary
17:36 Scout Tower
17:36 Scout Tower
17:38 Scout Tower
17:40 Scout Tower
18:02 Castle
18:54 Guard Tower
19:23 Castle
19:48 Farm
19:50 Farm
21:57 Scout Tower
21:58 Scout Tower
25:11 Farm
25:11 Farm
25:13 Farm
25:14 Farm
26:39 Scout Tower
26:40 Scout Tower
26:41 Scout Tower
26:47 Scout Tower
26:47 Scout Tower
26:48 Scout Tower
26:50 Scout Tower
26:50 Scout Tower
27:25 Guard Tower
27:26 Guard Tower
27:26 Guard Tower
27:26 Guard Tower
27:29 Guard Tower
27:29 Guard Tower
27:29 Guard Tower
27:29 Guard Tower
28:17 Guard Tower
30:26 Scout Tower
30:28 Scout Tower
30:29 Scout Tower
30:30 Scout Tower
30:33 Scout Tower
30:33 Scout Tower
30:35 Scout Tower
30:37 Town Hall
30:40 Farm
30:41 Farm
30:42 Farm
30:43 Farm
32:31 Guard Tower
32:31 Guard Tower
32:34 Guard Tower
32:34 Guard Tower
32:35 Guard Tower
33:22 Farm
» items
| Scroll of Regeneration | 6 | |
| Lesser Clarity Potion | 6 | |
| Orb of Corruption | 1 | |
| Rod of Necromancy | 1 | |
| Potion of Invisibility | 2 | |
| Staff of Teleportation | 1 | |
| Boots of Speed | 1 | |
| Scroll of Town Portal | 5 | |
| Scroll of Protection | 1 | |
| Potion of Lesser Invulnerability | 2 | |
| Dust of Appearance | 1 | |
| Potion of Mana | 1 | |
28 total
team 2 (loser)
AnsO (
green | 52 APM | 2749 actions | 52:22)
6 Blademaster
2 Wind Walk
3 Critical Strike
1 Bladestorm
4 Shadow Hunter
2 Healing Wave
2 Hex
2 Tauren Chieftain
1 War Stomp
1 Endurance Aura
» actions
| Build / train | 76 | |
| Enter build submenu | 41 | |
| Enter hero's abilities submenu | 12 | |
| Give item / drop item | 6 | |
| Remove unit from queue | 4 | |
| Right click | 1838 | |
| Select / deselect | 612 | |
| Use ability | 155 | |
2749 total
» units
| Peon | 17 | |
| Shaman | 7 | |
| Troll Witch Doctor | 7 | |
| Tauren | 6 | |
| Wind Rider | 1 | |
38 total
» upgrades
| Melee Weapons | 3 | |
| Shaman Training | 2 | |
| Witch Doctor Training | 2 | |
| Armor | 1 | |
| Pulverize | 1 | |
| Reinforced Defenses | 1 | |
10 total
» buildings
| Altar of Storms | 2 | |
| Orc Burrow | 6 | |
| Voodoo Lounge | 1 | |
| Stronghold | 1 | |
| War Mill | 1 | |
| Fortress | 1 | |
| Spirit Lodge | 2 | |
| Tauren Totem | 2 | |
| Watch Tower | 17 | |
| Great Hall | 3 | |
| Beastiary | 1 | |
37 total
» build order
00:15 Altar of Storms
00:28 Orc Burrow
01:07 Voodoo Lounge
02:33 Stronghold
03:03 War Mill
03:06 Orc Burrow
04:35 Orc Burrow
05:07 Fortress
05:11 Spirit Lodge
06:11 Spirit Lodge
07:35 Tauren Totem
07:41 Orc Burrow
08:20 Tauren Totem
08:45 Orc Burrow
09:13 Watch Tower
09:16 Watch Tower
15:53 Orc Burrow
16:26 Watch Tower
16:29 Watch Tower
16:53 Watch Tower
17:42 Watch Tower
17:47 Watch Tower
17:52 Watch Tower
18:31 Watch Tower
19:08 Watch Tower
19:12 Watch Tower
20:34 Great Hall
20:39 Watch Tower
21:55 Great Hall
23:13 Watch Tower
25:05 Beastiary
25:34 Watch Tower
25:37 Watch Tower
26:51 Watch Tower
27:15 Watch Tower
32:54 Altar of Storms
44:42 Great Hall
» items
| Healing Salve | 1 | |
| Lesser Clarity Potion | 2 | |
| Boots of Speed | 1 | |
| Orb of Lightning | 2 | |
| Scroll of Town Portal | 2 | |
| Potion of Healing | 2 | |
| Potion of Mana | 1 | |
11 total
1349 (
purple | 53 APM | 1147 actions | 21:43)
4 Blood Mage
1 Banish
1 Siphon Mana
2 Flame Strike
2 Mountain King
1 Storm Bolt
1 Bash
» actions
| Assign group hotkey | 20 | |
| Build / train | 73 | |
| Enter build submenu | 26 | |
| Enter hero's abilities submenu | 6 | |
| Remove unit from queue | 1 | |
| Right click | 495 | |
| Select / deselect | 315 | |
| Select group hotkey | 120 | |
| Use ability | 91 | |
1147 total
» units
| Peasant | 28 | |
| Footman | 7 | |
| Rifleman | 9 | |
| Gryphon Rider | 4 | |
| Priest | 2 | |
| Sorceress | 1 | |
51 total
» upgrades
| Lumber Harvesting | 1 | |
| Magic Sentry | 1 | |
| Priest Training | 1 | |
3 total
» buildings
| Barracks | 1 | |
| Farm | 8 | |
| Altar of Kings | 1 | |
| Arcane Vault | 1 | |
| Blacksmith | 1 | |
| Lumber Mill | 1 | |
| Keep | 1 | |
| Town Hall | 2 | |
| Scout Tower | 13 | |
| Gryphon Aviary | 1 | |
| Arcane Sanctum | 2 | |
| Castle | 2 | |
34 total
» build order
00:55 Barracks
01:06 Farm
01:22 Altar of Kings
01:40 Farm
01:48 Farm
01:55 Farm
02:14 Farm
02:25 Arcane Vault
02:54 Farm
02:57 Farm
03:18 Blacksmith
04:30 Farm
04:50 Lumber Mill
05:26 Keep
06:25 Town Hall
07:57 Scout Tower
07:58 Scout Tower
08:00 Scout Tower
08:01 Scout Tower
08:47 Gryphon Aviary
09:04 Arcane Sanctum
09:32 Castle
09:32 Castle
10:10 Scout Tower
10:10 Scout Tower
10:11 Scout Tower
12:32 Arcane Sanctum
13:40 Scout Tower
13:41 Scout Tower
13:43 Scout Tower
13:46 Scout Tower
13:47 Scout Tower
13:48 Scout Tower
14:52 Town Hall
» items
| Orb of Fire | 1 | |
| Scroll of Regeneration | 1 | |
2 total
NoiseHawker (
yellow | 63 APM | 3284 actions | 52:22)
7 Archmage
3 Summon Water Elemental
3 Brilliance Aura
1 Mass Teleport
» actions
| Assign group hotkey | 70 | |
| Basic commands | 189 | |
| Build / train | 114 | |
| Enter build submenu | 85 | |
| Enter hero's abilities submenu | 7 | |
| Give item / drop item | 10 | |
| Remove unit from queue | 9 | |
| Right click | 1044 | |
| Select / deselect | 492 | |
| Select group hotkey | 1065 | |
| Use ability | 196 | |
3284 total
» units
| Peasant | 22 | |
| Footman | 4 | |
| Dragonhawk Rider | 5 | |
| Gryphon Rider | 1 | |
32 total
» upgrades
| Masonry | 3 | |
| Lumber Harvesting | 2 | |
| Swords | 3 | |
| Armor | 4 | |
| Animal War Training | 1 | |
| Cloud | 1 | |
| Storm Hammers | 1 | |
15 total
» buildings
| Altar of Kings | 1 | |
| Barracks | 2 | |
| Farm | 11 | |
| Arcane Vault | 3 | |
| Town Hall | 6 | |
| Lumber Mill | 2 | |
| Keep | 1 | |
| Scout Tower | 53 | |
| Guard Tower | 28 | |
| Castle | 1 | |
| Gryphon Aviary | 4 | |
| Blacksmith | 2 | |
114 total
» build order
00:24 Altar of Kings
00:25 Barracks
00:29 Barracks
00:36 Farm
01:05 Farm
01:21 Farm
03:10 Arcane Vault
03:26 Farm
04:36 Town Hall
05:00 Lumber Mill
05:04 Keep
08:31 Scout Tower
08:31 Scout Tower
08:32 Scout Tower
08:33 Scout Tower
08:33 Scout Tower
08:51 Scout Tower
08:55 Scout Tower
08:56 Scout Tower
08:57 Scout Tower
09:01 Guard Tower
09:02 Guard Tower
09:03 Guard Tower
09:11 Guard Tower
09:19 Scout Tower
09:20 Scout Tower
09:21 Scout Tower
09:24 Guard Tower
09:34 Scout Tower
09:35 Scout Tower
09:36 Scout Tower
09:37 Scout Tower
09:52 Guard Tower
09:58 Scout Tower
09:58 Scout Tower
10:00 Scout Tower
10:05 Lumber Mill
10:13 Guard Tower
10:16 Guard Tower
10:18 Guard Tower
10:27 Guard Tower
10:37 Guard Tower
10:42 Guard Tower
11:10 Castle
13:16 Scout Tower
13:16 Scout Tower
13:16 Scout Tower
13:17 Scout Tower
13:18 Scout Tower
13:46 Guard Tower
13:48 Guard Tower
13:49 Guard Tower
13:54 Scout Tower
13:55 Scout Tower
13:58 Scout Tower
13:58 Scout Tower
14:29 Guard Tower
14:31 Scout Tower
14:32 Scout Tower
14:33 Scout Tower
14:44 Scout Tower
14:49 Scout Tower
14:55 Scout Tower
15:04 Guard Tower
15:10 Scout Tower
15:11 Scout Tower
15:12 Scout Tower
15:14 Guard Tower
15:19 Scout Tower
15:26 Guard Tower
15:27 Scout Tower
15:41 Town Hall
15:52 Town Hall
15:55 Scout Tower
15:58 Arcane Vault
15:59 Guard Tower
16:12 Gryphon Aviary
16:12 Gryphon Aviary
16:13 Gryphon Aviary
16:13 Gryphon Aviary
16:17 Blacksmith
16:41 Guard Tower
16:46 Blacksmith
18:14 Farm
23:56 Town Hall
24:00 Scout Tower
24:01 Scout Tower
24:01 Scout Tower
24:01 Scout Tower
24:05 Scout Tower
27:30 Farm
27:30 Farm
27:35 Farm
27:37 Farm
27:40 Farm
27:41 Farm
33:49 Town Hall
34:21 Scout Tower
34:21 Scout Tower
34:21 Scout Tower
34:21 Scout Tower
34:27 Scout Tower
34:27 Scout Tower
34:27 Scout Tower
34:28 Scout Tower
34:53 Guard Tower
35:02 Arcane Vault
35:16 Guard Tower
35:18 Guard Tower
35:18 Guard Tower
35:19 Guard Tower
35:19 Guard Tower
35:22 Guard Tower
37:09 Town Hall
» items
| Scroll of Regeneration | 6 | |
| Mechanical Critter | 5 | |
| Scroll of Town Portal | 6 | |
| Staff of Sanctuary | 1 | |
| Potion of Healing | 1 | |
| Staff of Teleportation | 1 | |
20 total

»
0-5000 (
blue | 27 APM | 1421 actions | 52:22)
5 Death Knight
2 Death Coil
3 Unholy Aura
» actions
| Assign group hotkey | 1 | |
| Basic commands | 18 | |
| Build / train | 52 | |
| Enter build submenu | 14 | |
| Enter hero's abilities submenu | 6 | |
| Right click | 814 | |
| Select / deselect | 463 | |
| Use ability | 43 | |
1421 total
» units
| Acolyte | 3 | |
| Ghoul | 8 | |
| Crypt Fiend | 14 | |
| Forest Troll High Priest | 1 | |
| Obsidian Statue | 2 | |
28 total
» upgrades
| Creature Attack | 3 | |
| Creature Carapace | 2 | |
| Cannibalize | 1 | |
| Web | 1 | |
7 total
» buildings
| Crypt | 2 | |
| Ziggurat | 7 | |
| Altar of Darkness | 1 | |
| Graveyard | 1 | |
| Spirit Tower | 2 | |
| Halls of the Dead | 1 | |
| Sacrificial Pit | 1 | |
| Tomb of Relics | 1 | |
| Slaughterhouse | 1 | |
| Black Citadel | 1 | |
18 total
» build order
00:08 Crypt
00:12 Ziggurat
00:49 Altar of Darkness
01:12 Ziggurat
01:46 Graveyard
02:28 Crypt
03:12 Ziggurat
05:13 Spirit Tower
07:35 Ziggurat
08:16 Ziggurat
08:23 Halls of the Dead
09:03 Ziggurat
09:08 Ziggurat
10:04 Spirit Tower
11:05 Sacrificial Pit
11:23 Tomb of Relics
14:14 Slaughterhouse
15:05 Black Citadel
» items
| Scroll of Town Portal | 4 | |
| Potion of Lesser Invulnerability | 1 | |
| Orb of Lightning | 1 | |
| Scroll of Healing | 1 | |
7 total
Chat log
(00:11 / All) NoiseHawker: No DVD or bluray of the Aladdin tv show
(00:13 / All) NoiseHawker: That's just absurd
(00:25 / All) 0-5000: you poor thing.
(00:29 / All) 0-5000: get over it.
(00:36 / All) NewBss: because it is for muslims
(00:39 / All) NewBss: illegal
(01:06 / All) 0-5000: sadly.. I thik you are right.. it must be politics.
(01:38 / All) BOOBGUZZLER: i heard a rumor that hilary clinton will be our next president
(01:58 / All) 0-5000: no.. it's whoever is funding her campaig.
(02:06 / All) 1349: i hear it will be Ross Perot
(02:44 / All) 1349: what... nothing?
(02:53 / Allies) AnsO: tauren
(03:26 / Allies) 0-5000: go with me green
(03:48 / All) THEITHEITHEITHE: mh
(03:53 / Allies) 0-5000: wibe open
(03:54 / All) AnsO: nah
(03:59 / All) BOOBGUZZLER: anso
(04:03 / All) BOOBGUZZLER: i know this name
(06:20 / Allies) 0-5000: teal is probably map hacking
(06:22 / All) NoiseHawker: lawl
(06:43 / All) NoiseHawker: orange totally hacks
(06:48 / All) NoiseHawker: he just got my critter too
(06:57 / All) NoiseHawker: look at him move back from purple
(07:01 / All) NoiseHawker: before he even got in vision
(07:21 / All) AnsO: uh?
(07:43 / Allies) 1349: repair
(07:45 / All) 0-5000: it's ashame that kids need hacks to win.
(08:01 / All) 0-5000: but only shows that they are loser in life..
(08:17 / All) NoiseHawker: Orange is such a tryhard hacker lol
(08:30 / All) Perfection: how?
(08:39 / All) NoiseHawker: You hack 100% definitely
(08:42 / All) NoiseHawker: 2: look at you
(11:35 / Allies) AnsO: yellow tp?
(11:41 / Allies) NoiseHawker: too late
(11:55 / Allies) NoiseHawker: focus dk
(12:07 / All) Perfection: gg they tk each other
(12:38 / All) 0-5000: they are sick of the hackers ruining the game.
(12:46 / All) Perfection: yea green hackjs hard
(17:47 / Allies) 1349: thanks for not saving me
(17:50 / Allies) 1349: now I cant do anuything
(18:03 / Allies) NoiseHawker: I have nothing because of hackers denying my expos
(18:09 / Allies) 1349: yellow, fuck off
(18:10 / All) THEITHEITHEITHE: how the hell did you see me
(18:12 / All) THEITHEITHEITHE: oh
(18:13 / All) THEITHEITHEITHE: ward
(18:19 / Allies) AnsO: yup
(18:34 / All) THEITHEITHEITHE: your whole team has detection
(18:43 / All) BOOBGUZZLER: no kidding lawl
(18:43 / All) THEITHEITHEITHE: and my faggot ally tked me for doing the same thing he did to me
(18:46 / All) THEITHEITHEITHE: so I have nothing
(18:52 / All) THEITHEITHEITHE: can't bm harass or make units
(20:14 / Allies) AnsO: purp u can buy tiny hall
(21:01 / Allies) 0-5000: tp?
(21:04 / Allies) 1349: no
(21:07 / Allies) 1349: fuck you faggots
(21:11 / Allies) 1349: you should of saved me
(21:18 / Allies) 1349: now i cant do jack shit
(22:14 / Allies) AnsO: follow me yellow
(22:22 / Allies) 0-5000: yellow you should feed purple and get his heroes.
(22:25 / Allies) 0-5000: leve 3 and 4
(22:54 / All) BOOBGUZZLER: dat shadow hunter tp green
(23:22 / Allies) NoiseHawker: lumbers?
(23:27 / All) BOOBGUZZLER: lawl
(23:29 / All) BOOBGUZZLER: fast cancel there
(23:30 / All) BOOBGUZZLER: buddy
(23:35 / Allies) AnsO: ward
(23:37 / All) AnsO: ward
(23:41 / All) BOOBGUZZLER: ah
(23:44 / Allies) 0-5000: they targets my acolytes and kiled them all
(23:45 / All) THEITHEITHEITHE: you have no ward there
(23:55 / All) THEITHEITHEITHE: fucking retard liar prick
(23:58 / All) THEITHEITHEITHE: asshole cunt bitch
(23:59 / All) BOOBGUZZLER: sack of shit lawl
(24:18 / All) NoiseHawker: so many hackers
(24:22 / All) NoiseHawker: Look at orange
(24:27 / All) NoiseHawker: Right there when I started building expo
(25:56 / Allies) AnsO: k
(27:45 / Allies) AnsO: tp tp tpt p
(27:52 / Allies) 0-5000: give me gold
(27:56 / Allies) 0-5000: i need gold to buy tp
(28:05 / Allies) 0-5000: gold for tp
(28:09 / Allies) 0-5000: 100 gold
(29:23 / Allies) 0-5000: lest go hit
(29:29 / Allies) 0-5000: cloud those expos yellow
(29:32 / Allies) 0-5000: we can take them
(29:34 / Allies) 0-5000: lets go
(31:11 / Allies) AnsO: YEEEELOOOW
(31:56 / All) NoiseHawker: dumbass lol
(32:27 / All) NoiseHawker: dumbass orange LOL
(32:28 / All) NoiseHawker: LOL
(32:33 / All) NoiseHawker: I'll be laughing for hours after that one
(32:38 / All) NoiseHawker: What a stunt ya knobhead
(32:42 / All) Perfection: u killed a hero
(32:45 / All) NoiseHawker: LOL
(32:46 / All) Perfection: with an army
(32:47 / All) Perfection: lol
(32:49 / All) NoiseHawker: You thought you were so slick
(32:52 / All) Perfection: how happy ccan u be
(32:52 / All) NoiseHawker: You had an army too
(32:54 / All) NoiseHawker: Scrub
(32:58 / All) NoiseHawker: and two heroes
(33:02 / All) Perfection: with no income
(33:07 / All) Perfection: i had 5 gargs
(33:11 / All) NoiseHawker: Should have used your maphack more effectively
(33:12 / All) BOOBGUZZLER: whose fault is that, friend
(33:26 / All) NoiseHawker: LOL
(33:28 / All) NoiseHawker: frost guard
(33:39 / All) NoiseHawker: on range
(33:49 / All) Perfection: lol profile me after
(33:52 / All) Perfection: then laugh
(33:55 / All) NoiseHawker: 10-11
(33:58 / All) THEITHEITHEITHE: you're a 10-11 scrub
(34:02 / All) Perfection: profile me
(34:05 / All) Perfection: none of u have
(34:09 / All) Perfection: a better acc
(34:12 / All) NoiseHawker: YOU USE MAPHACK
(34:13 / All) NoiseHawker: lol
(34:16 / All) NoiseHawker: How can you brag about cheating
(34:18 / All) Perfection: no i dont
(34:23 / All) NoiseHawker: YOu 100% do
(34:30 / All) Perfection: im not bragging
(34:30 / All) BOOBGUZZLER: clan llw3 is a hacking clan
(34:39 / All) Perfection: just letting u 50% trashy noobs
(34:45 / All) NoiseHawker: How's the reset treating you
(34:47 / All) Perfection: knbow rt isnt anything
(34:49 / All) THEITHEITHEITHE: Just shut the fuck up and leave asshole
(34:53 / All) BOOBGUZZLER: dude my bro kodos_forsaken will pawn ur ass, oj
(34:56 / All) THEITHEITHEITHE: Orange kill yourself
(34:59 / All) Perfection: is treating me good
(35:08 / All) Perfection: red check wc
(35:08 / All) NoiseHawker: 10-11
(35:09 / All) NoiseHawker: LOL
(35:11 / All) Perfection: wcr
(35:15 / All) Perfection: i raped him last tourney
(35:17 / All) Perfection: few days ago
(35:19 / All) Perfection: thank u red
(35:22 / All) THEITHEITHEITHE: no one cares about your wcr account you suck
(35:26 / All) NoiseHawker: you hack so who cares
(35:35 / All) BOOBGUZZLER: u mean on the bugged ass solo maps that has a 4v4 map, friends in solo map pool?
(35:36 / All) NoiseHawker: That's like af at bitch bragging about big titties and ass
(35:48 / All) NoiseHawker: when's she fat af eating endless supply of cheetos
(36:04 / All) Perfection: that made sense
(36:08 / All) 0-5000: lmao yellow.. that was funny.
(36:09 / All) NoiseHawker: Yeah it's cheating
(36:12 / All) BOOBGUZZLER: wuts ur account on wcr
(36:19 / All) Perfection: just profile me kid
(36:22 / All) Perfection: u all rage
(36:23 / All) Perfection: LOL
(36:25 / All) THEITHEITHEITHE: uninstall orange
(36:28 / All) Perfection: itc cute
(36:30 / All) NoiseHawker: Acheived with mh
(36:38 / All) Perfection: no one mh
(36:40 / All) NoiseHawker: like rosie odonnells big ass was achieved with twinkies
(36:41 / All) Perfection: show me mh..
(36:45 / All) NoiseHawker: you mh
(36:48 / Allies) 0-5000: drop some healing scrolls green
(36:49 / Allies) 0-5000: damn it
(36:49 / All) Perfection: only person hacking here is green
(36:54 / All) Perfection: so why u crying
(37:34 / All) Perfection: i brb phone call
(37:43 / All) BOOBGUZZLER: all i see is kodos beating u in a 3s game
(38:04 / All) BOOBGUZZLER: and anso hacks too he is in clan gods, a known hacker clan
(39:27 / Allies) 0-5000: use those damn healing scrolls
(39:28 / Allies) 0-5000: lol
(39:49 / Allies) AnsO: YELLOW HEEELP
(40:32 / All) THEITHEITHEITHE: Bad attempt at getting a bm lawl
(42:22 / All) BOOBGUZZLER: i will rewatch replay and see if there really was a ward
(42:42 / Allies) AnsO: YELLOW KILL ME
(42:49 / All) AnsO: YELLOW KILL ME
(43:09 / All) BOOBGUZZLER: standoff?
(43:14 / All) BOOBGUZZLER: explain to green
(43:22 / All) BOOBGUZZLER: anso vs perfection, battle of hacker wills
(43:36 / All) AnsO: AFK CYA
(43:43 / All) BOOBGUZZLER: standoff lawl
(43:51 / All) BOOBGUZZLER: we'll whisper u guys tomorrow if game is still going on
(45:11 / All) THEITHEITHEITHE: god I'm alt tabbing and shit and still owning assholes like orange
(45:51 / All) BOOBGUZZLER: oh blue is still here
(46:06 / All) BOOBGUZZLER: we matched him some odd 5 yrs ago he talks a lot of crap
(46:24 / All) Perfection: LOL u guys still going at it
(46:31 / All) THEITHEITHEITHE: standoff for you
(46:34 / All) BOOBGUZZLER: we ar emaking it a standoff nerd
(46:35 / All) Perfection: what
(46:37 / All) Perfection: i 1v1 anyone
(46:39 / All) Perfection: rape u all
(46:43 / All) THEITHEITHEITHE: 1v1 green
(46:44 / All) BOOBGUZZLER: whoever leaves wc3 on longest wins
(46:45 / All) THEITHEITHEITHE: hacker standoff
(46:46 / All) Perfection: lose 0 units vs u 50% scrubs
(46:58 / All) Perfection: i 1v1 any of u
(47:09 / All) BOOBGUZZLER: thats nice, u get to 1v2 blue and green tho
(47:11 / All) BOOBGUZZLER: in a waiting contest
(47:26 / All) Perfection: anyone who wants 1v1 let me know
(47:33 / All) Perfection: im perfection
(47:41 / All) THEITHEITHEITHE: You're some scrub in a standoff!!!!
(47:45 / All) THEITHEITHEITHE: HAVE FUN IN THE STANDOFF!
(47:47 / All) NoiseHawker: you're not even hack perfection
(47:49 / All) Perfection: some call me a hero others?
(47:50 / All) NoiseHawker: can't even expo with mh
(47:52 / All) Perfection: a god
(47:56 / All) THEITHEITHEITHE: LOL
(48:02 / All) THEITHEITHEITHE: YOU ARE BEING SERIOUS ARENT YOU ORANGE
(48:06 / All) Perfection: im what u call
(48:08 / All) Perfection: <
(48:09 / All) THEITHEITHEITHE: WAS THAT THE COOLEST LINE YOU COULD COME UP WITH
(48:16 / All) BOOBGUZZLER: my money is oj is friends/partners with that top tier hacker akubo
(48:25 / All) Perfection: akubo
(48:26 / All) Perfection: LMAO
(48:36 / All) Perfection: i remember that scrub
(49:00 / All) THEITHEITHEITHE: I'm sure you can remember a lot of scrubs because they're the players on your level
(49:01 / All) Perfection: anso gets this win gg
(49:10 / All) Perfection: no one is on my player fat boy
(49:13 / All) Perfection: im what u call
(49:14 / All) Perfection: <<
(49:16 / All) Perfection: #1
(49:20 / All) THEITHEITHEITHE: shut it, scrub
(49:28 / All) THEITHEITHEITHE: 10-11 trash
(49:33 / All) Perfection: profile me
(49:35 / All) Perfection: then talk
(49:43 / All) Perfection: i lose on pir-osose to find games
(49:49 / All) THEITHEITHEITHE: sure you do lol
(49:55 / All) Perfection: lol profile me kid
(49:57 / All) Perfection: #1
(49:59 / All) Perfection: <
(50:03 / All) NoiseHawker: Fiend massing hack
(50:09 / All) THEITHEITHEITHE: if you're #1 how did you get bent over this game so easily
(50:16 / All) BOOBGUZZLER: pwn
(50:17 / All) THEITHEITHEITHE: you're just some fiendbot noob who thinks he's special
(50:18 / All) Perfection: i didnt
(50:26 / All) Perfection: im too good for u kids
(50:31 / All) NoiseHawker: Obviously not
(50:35 / All) Perfection: people like u pay to watch me play
(50:36 / All) BOOBGUZZLER: darknesscalls is a better fiend bot than u
(50:37 / All) Perfection: #1
(50:38 / All) NoiseHawker: You are at our mercy
(50:39 / All) Perfection: <
(50:40 / All) Perfection: <
(50:42 / All) Perfection: <
(51:04 / All) NoiseHawker: I'm a professional musician you're just some war3 scrub, that got owned
(51:16 / All) Perfection: im instagram famous
(51:21 / All) Perfection: u mad?
(51:23 / All) NoiseHawker: I am an aural aestetician
(51:31 / All) Perfection: youre an asian
(51:33 / All) Perfection: u said?
(51:46 / All) Perfection: hold on i need take a shit
(51:47 / All) Perfection: brb
(51:48 / All) NoiseHawker: What backwards land do you hail from
(51:57 / All) NoiseHawker: That you can't understand simple English words
(52:20 / All) NoiseHawker: Good luck gentlemen